 Dungeon Crawl Stone Soup version 0.27.1-34-g3ba077fa99 (webtiles) character file.

Game seed: 8376936356594335620

79 comborobin the Slasher (level 4, 0/39 HPs)
             Began as a Hill Orc Delver on Jan 6, 2022.
             Slain by Duvessa (12 damage)
             ... on level 4 of the Dungeon.
             The game lasted 00:00:37 (56 turns).

comborobin the Slasher (Hill Orc Delver)              Turns: 56, Time: 00:00:37

Health: 0/39       AC:  3    Str: 15    XL:     4   Next: 37%
Magic:  4/4        EV: 11    Int: 10    God:
Gold:   9          SH:  0    Dex: 12    Spells: 3/3 levels left

rFire    . . .     SeeInvis .   h - +2 long sword (distort)
rCold    . . .     Faith    .   (no shield)
rNeg     . . .     Spirit   .   b - +0 leather armour
rPois    .         Reflect  .   (no helmet)
rElec    .         Harm     .   (no cloak)
rCorr    .         Rampage  .   (no gloves)
Will     .....                  (no boots)
Stlth    ++........             (no amulet)
HPRegen  0.13/turn              (no ring)
MPRegen  0.09/turn              (no ring)

@: hasted, very quick
A: no striking features
a: no special abilities


You were on level 4 of the Dungeon.
You visited 1 branch of the dungeon, and saw 3 of its levels.

You collected 9 gold pieces.

Inventory:

Hand Weapons
 a - a +0 hand axe
 h - a +2 long sword of distortion (weapon)
Armour
 b - a +0 leather armour (worn)
Wands
 g - a wand of digging (3)
Scrolls
 c - a scroll of fog
 e - a scroll of fear


   Skills:
 - Level 3.6 Fighting
 + Level 4.2 Long Blades
 - Level 2.6 Axes
 - Level 1.5 Dodging
 - Level 4.1 Stealth


You had 3 spell levels left.
You didn't know any spells.
Your spell library was empty.

Dungeon Overview and Level Annotations

Branches:
Dungeon (6/15)
 Temple: D:4-7

Altars:

Annotations:
D:4 Duvessa


Message History

There is a stone staircase leading down here.
You slash the jelly!
Space warps horribly around the jelly.
You kill the jelly!
Your Long Blades skill gained 3 levels and is now at level 3!
You have reached level 2!
You have reached level 3!
Your experience leads to an increase in your attributes!
Increase (S)trength, (I)ntelligence, or (D)exterity?
You feel stronger.
There is a stone staircase leading up here.
You climb upwards.
You hear the hiss of flowing sand.
There is an entrance to an ossuary on this level.
Hurry and find it before the portal is buried!
Dowan shouts!
Found a fuming silvery potion.
There is a stone staircase leading down here.
Okay, then.
Dowan mumbles some strange words.
Dowan blinks!
You feel yourself speed up.
Duvessa, Sister of Dowan comes into view.
She is wielding a +0 short sword.
Duvessa moves out of view.
Dowan hits you with a +0 dagger.
You slash Dowan!
Dowan is moderately wounded.
Dowan blinks!
You slash Dowan!
Space bends around Dowan.
Dowan is severely wounded.
You slash Dowan!
You kill Dowan!
You hear a distant scream of rage.
Your Long Blades skill increases to level 4!
You have reached level 4!
Duvessa goes berserk!
You closely miss Duvessa. Duvessa hits you with a +0 short sword!
You closely miss Duvessa. Duvessa hits you with a +0 short sword!
You slash Duvessa!
Space bends around Duvessa.
Duvessa is moderately wounded.
Duvessa hits you with a +0 short sword!
You die...

... ...... ..
#..... .. #.....
##. #..... ..
....! .#
#..########.#
####....)....@e#
#.....>.....###..#
#..########.....##
. ####..# ... .. .


You could see Duvessa (berserk).

Vanquished Creatures
  Dowan (D:4)
  A jelly (D:5)
2 creatures vanquished.

Notes
Turn   | Place    | Note
-------+----------+-------------------------------------------
     0 | D:5      | comborobin the Hill Orc Delver began the quest for the Orb.
     0 | D:5      | Reached XP level 1. HP: 19/19 MP: 1/1
    31 | D:5      | Noticed a jelly
    37 | D:5      | Killed a jelly
    38 | D:5      | Reached XP level 2. HP: 26/26 MP: 2/2
    38 | D:5      | Reached XP level 3. HP: 31/31 MP: 3/3
    42 | D:4      | Noticed Dowan
    45 | D:4      | Noticed Duvessa
    49 | D:4      | Killed Dowan
    50 | D:4      | Reached XP level 4. HP: 34/39 MP: 4/4
    56 | D:4      | Slain by Duvessa

Illustrated notes

Levels and vault maps discovered:
D:4:      layout_rooms, serial_shops, nicolae_shop_trees, enter_ossuary_1,
          uniq_duvessa
D:5:      lemuel_insect_pit, layout_loops_cross, minmay_misc_feat_iff,
          uniq_pikel, uniq_eustachio, uniq_menkaure, uniq_prince_ribbit1
D:6:      minmay_flawed_box, layout_rooms, uniq_maggie

Skill      XL: |  1  2  3 |
---------------+----------+-----
Long Blades    | 3 4 |  4.2
Fighting       | |  3.6
Axes           | |  2.6
Dodging        | |  1.5
Stealth        | |  4.1

Action                   |  1- 3 |  4- 6 || total
-------------------------+-------+-------++-------
Melee: Long sword        |     4 |     3 ||     7
  Use: Scroll            |     1 |       ||     1
       Potion            |     1 |       ||     1
